 Dungeon Crawl Stone Soup version 0.24-a0-251-g44e327ef01 (webtiles) character file.

Game seed: 12527551642660980419

18 Redear the Scratcher (level 2, 0/12 HPs)
             Began as a Felid Transmuter on Apr 16, 2019.
             Slain by a kobold
             ... wielding a +2 whip of electrocution
              (5 damage)
             ... on level 1 of the Dungeon.
             The game lasted 00:01:27 (593 turns).

Redear the Scratcher (Felid Transmuter)              Turns: 593, Time: 00:01:27

Health: 0/12       AC:  1    Str:  6    XL:     2   Next: 51%
Magic:  6/6        EV: 18    Int: 14    God:
Gold:   9          SH:  0    Dex: 16    Spells: 4/5 levels left
                                        Lives:  0   Deaths: 0

rFire    . . .     SeeInvis +     - Unarmed
rCold    . . .     Gourm    .   (shield unavailable)
rNeg     . . .     Faith    .   (armour unavailable)
rPois    .         Spirit   .   (helmet unavailable)
rElec    .         Reflect  .   (cloak unavailable)
rCorr    .         Harm     .   (gloves unavailable)
MR       .....                  (boots unavailable)
Stlth    ++........             (no amulet)
HPRegen  0.04/turn              (no ring)
MPRegen  0.10/turn              (no ring)

@: quick
A: very small, no armour, no weapons or thrown items, stealth, claws 1, fangs 3,
see invisible, carnivore, speed 1, shaggy fur 1, slow metabolism 1, sharp paws
a: no special abilities


You were on level 1 of the Dungeon.
You were not hungry.

You visited 1 branch of the dungeon, and saw 1 of its levels.

You collected 9 gold pieces.

Inventory:

Missiles
 a - 12 arrows
Scrolls
 b - a scroll of identify {unknown}
 e - a scroll of amnesia {unknown}
 f - 2 scrolls of fog {unknown}
Potions
 c - a potion of flight {unknown}
 d - a potion of magic {unknown}
Comestibles
 z - a ration


   Skills:
 + Level 1.3 Fighting
 + Level 3.1 Dodging
 + Level 3.1 Unarmed Combat
 + Level 2.2 Spellcasting
 + Level 2.5 Transmutations


You had 4 spell levels left.
You knew the following spells:

 Your Spells              Type           Power        Failure   Level  Hunger
z - Beastly Appendage     Tmut           #.....       9%          1    #......

Your spell library contained the following spells:

 Spells                   Type           Power        Failure   Level  Hunger
 Sticks to Snakes         Tmut           #.......     13%         2    ###....
 Spider Form              Tmut/Pois      #.........   38%         3    ###....
 Ice Form                 Ice/Tmut       #.......     80%         4    #####..
 Blade Hands              Tmut           #.........   93%         5    ######.


Dungeon Overview and Level Annotations

Branches:
Dungeon (1/15)

Altars:


Innate Abilities, Weirdness & Mutations

You cannot wear armour.
You are incapable of wielding weapons or throwing items.
Your paws allow you to move quietly. (Stealth)
You have sharp claws.
You have razor-sharp teeth.
You have supernaturally acute eyesight. (SInv)
You are carnivorous and can eat meat at any time.
You cover ground quickly.
You are covered in fur. (AC +1)
You have a slow metabolism.
Your sharp claws are effective at attacking unaware monsters.


Message History

A kobold comes into view.
It is wielding a +2 whip of electrocution.
The kobold shouts!
A kobold is nearby!
You are too injured to fight recklessly!
You are too injured to fight recklessly!
You are too injured to fight recklessly!
You are too injured to fight recklessly!
You are too injured to fight recklessly!
You are too injured to fight recklessly!
You are too injured to fight recklessly!
The kobold completely misses you.
You closely miss the kobold. The kobold closely misses you.
You scratch the kobold.
The kobold is moderately wounded.
The kobold hits you with a +2 whip of electrocution.
You take 3 damage, and have 4/12 hp.
MASSIVE DAMAGE!!
You closely miss the kobold.
The kobold is moderately wounded.
The kobold hits you with a +2 whip of electrocution.
You die...

....................≈♣.......♣≈.#
...................≈♣⌠♣≈≈≈≈≈♣⌠♣≈#
.....#.............#≈♣≈#####≈♣≈##
#..................##≈## #≈##
#..................##### ##
##......................
#.......................
#....#..................
.....#.######...@K......
##...#>#####............
...................#....
##.................# ###
#.........†..........
#†...................
..........†............
#+#....................
......................


You could see a kobold.

Vanquished Creatures
  3 bats (D:1)
  A giant cockroach (D:1)
  A goblin (D:1)
  3 hobgoblins (D:1)
  3 jackals (D:1)
  A frilled lizard (D:1)
  A kobold (D:1)
  3 rats (D:1)
  A toadstool (D:1)
17 creatures vanquished.

Vanquished Creatures (others)
  3 toadstools (D:1)
3 creatures vanquished.

Grand Total: 20 creatures vanquished

Notes
Turn   | Place    | Note
-------+----------+-------------------------------------------
     0 | D:1      | Redear the Felid Transmuter began the quest for the Orb.
     0 | D:1      | Reached XP level 1. HP: 9/9 MP: 4/4
   367 | D:1      | Reached XP level 2. HP: 4/12 MP: 6/6
   535 | D:1      | Reached skill level 3 in Dodging
   593 | D:1      | Slain by a kobold

Levels and vault maps discovered:
D:1:      ldierk_water_garden, layout_basic

Skill      XL: |  1  2 |
---------------+-------+-----
Dodging        | 3 |  3.1
Fighting       | |  1.3
Unarmed Combat | |  3.1
Spellcasting   | |  2.2
Transmutations | |  2.5

Action                   || total
-------------------------++-------
Melee: Unarmed           ||    61
       Bite              ||     4
       Punch             ||     1
 Stab: Sleeping          ||     2
Armor: Skin              ||     3
Dodge: Dodged            ||    51

Table legend:
 A = Non-vault XP
 B = Vault XP
 C = Vault XP percentage of total XP
 D = Non-vault monster count
 E = Vault monster count
 F = Vault count percentage of total count
                 A         B        C        D         E       F
            +---------+---------+-------+---------+---------+-------
      Total |      27 |       0 |   0.0 |      16 |       0 |   0.0
            +---------+---------+-------+---------+---------+-------
        D:1 |      27 |       0 |   0.0 |      16 |       0 |   0.0
            +---------+---------+-------+---------+---------+-------
